 Dungeon Crawl Stone Soup version 0.20-a0-277-g7db01f4 (webtiles) character file.

166 muxecoid the Bolt Thrower (level 5, -5/42 HPs)
             Began as a Centaur Hunter on Dec 11, 2016.
             Killed by divine providence
             ... invoked by an orc priest
              (9 damage)
             ... on level 4 of the Dungeon.
             The game lasted 00:08:53 (3197 turns).

muxecoid the Bolt Thrower (Centaur Hunter)          Turns: 3197, Time: 00:08:54

Health: -5/42      AC:  4    Str: 15    XL:     5   Next: 22%
Magic:  5/5        EV: 10    Int: 10    God:
Gold:   172        SH:  0    Dex: 10    Spells: 4/4 levels left

rFire  . . .     SeeInvis +     b - +0 mace (protect)
rCold  . . .     Gourm    .     c - +0 leather armour
rNeg   . . .     Faith    .     (no shield)
rPois  .         Spirit   .     (no helmet)
rElec  .         Reflect  .     (no cloak)
rCorr  .         Harm     .     (no gloves)
MR     .....                    (no barding)
Stlth  +.........               (no amulet)
                                (no ring)
                                o - ring of see invisible (curse)

@: very quick
A: hooves 3, deformed body, speed 2, tough skin 3
a: no special abilities


You were on level 4 of the Dungeon.
You were not hungry.

You visited 1 branch of the dungeon, and saw 4 of its levels.

You collected 172 gold pieces.

Inventory:

Hand Weapons
 a - a +1 hand crossbow
 b - a +0 mace of protection (weapon)
Missiles
 d - 35 bolts
Armour
 c - a +0 leather armour (worn)
Jewellery
 o - a cursed ring of see invisible (left hand)
 r - an uncursed ring of ice
 u - an uncursed ring of fire
Scrolls
 e - a scroll of noise {unknown}
 i - 2 scrolls of random uselessness {unknown}
 k - 3 scrolls of remove curse {unknown}
 l - a scroll of recharging {unknown}
 p - a scroll of enchant armour {unknown}
 q - 2 scrolls of enchant weapon {unknown}
 v - a scroll of identify {unknown}
Potions
 g - a potion of mutation {unknown}
 h - 2 potions of flight {unknown}
 j - a potion of berserk rage {unknown}
 m - a potion of magic {unknown}
 n - a potion of resistance {unknown}
 t - a potion of cure mutation {unknown}
Comestibles
 f - 3 bread rations
 s - 2 fruits
 w - a beef jerky


   Skills:
 + Level 2.6 Fighting
 + Level 2.2 Maces & Flails
 * Level 5.2 Crossbows
 + Level 0.9 Armour
 + Level 2.2 Dodging
 + Level 0.7 Stealth


You had 4 spell levels left.
You didn't know any spells.

Dungeon Overview and Level Annotations

Branches:
Dungeon (4/15)
 Temple: D:4-7

Altars:
Qazlal
Ru
Zin
The Shining One

Annotations:
D:4 Grinder, Pikel


Innate Abilities, Weirdness & Mutations

You have hooves in place of feet.
Armour fits poorly on your strangely shaped body.
You cover ground very quickly.
You have extremely tough skin. (AC +3)


Message History

The orc priest barely misses you.
You hit the orc priest.
Your weapon exudes an aura of protection.
You kick the orc priest, but do no damage.
The orc priest is heavily wounded.
The orc priest calls down the wrath of Beogh upon you.
Beogh smites you!
* * * LOW HITPOINT WARNING * * *
The orc priest completely misses you. The orc priest misses you.
The orc priest mumbles some strange prayers to Beogh against you.
Pain shoots through your body!
* * * LOW HITPOINT WARNING * * *
The orc priest calls upon Beogh to heal the orc priest.
The orc priest is healed somewhat.
You see here a jackal corpse.
The orc priest calls upon Beogh to heal the orc priest.
The orc priest's wounds heal themselves!
The orc priest invokes the aid of Beogh against you.
Beogh smites you!
You die...

..###.# #.. ...
....#..# ##.. ...####.
....###..# ....
.....#.# #......# ....
.......### #.....# #...
.........# #....# ..#
.........###.)..####..#
.........)o..o†..#...#
.............#..@<...##
...........###........#
.........###
##...#....... .#
..#......# #..#..#..###
..## ..###...## #..#.##
## #... .. #...# #..#.#
##.. . ...##. #..#.#
.)... . .#### .. .....#
..... #.. ..... .....


You could see 2 orc priests.

Vanquished Creatures
  2 slaves (D:3)
  An orc wizard (D:3)
  6 adders
  2 oozes
  4 dart slugs
  6 orcs
  2 giant cockroaches (D:3)
  6 goblins
  3 hobgoblins
  10 jackals
  6 kobolds
  A quokka (D:2)
  A ball python (D:2)
  4 bats
  4 frilled lizards
  7 rats
65 creatures vanquished.

Notes
Turn   | Place    | Note
-------+----------+-------------------------------------------
     0 | D:1      | muxecoid the Centaur Hunter began the quest for the Orb.
     0 | D:1      | Reached XP level 1. HP: 17/17 MP: 1/1
   421 | D:1      | Reached XP level 2. HP: 24/24 MP: 2/2
   635 | D:2      | Reached XP level 3. HP: 24/29 MP: 3/3
   719 | D:2      | Reached skill level 1 in Maces & Flails
   820 | D:2      | Found a sacrificial altar of Ru.
   821 | D:2      | Found a glowing silver altar of Zin.
   821 | D:2      | Found a stormy altar of Qazlal.
   931 | D:2      | Found a glowing golden altar of the Shining One.
   978 | D:2      | Reached skill level 5 in Crossbows
   978 | D:2      | Reached XP level 4. HP: 33/37 MP: 4/4
  2103 | D:3      | Reached XP level 5. HP: 20/42 MP: 5/5
  2375 | D:4      | Noticed Grinder
  2610 | D:4      | Noticed Pikel
  2610 | D:4      | Noticed a slave
  2611 | D:4      | Noticed a slave
  2611 | D:4      | Noticed a slave
  2639 | D:4      | Noticed a slave
  2808 | D:3      | Killed a slave
  2838 | D:3      | Killed a slave
  2994 | D:4      | Paralysed by Grinder for 6 turns
  3197 | D:4      | Killed from afar by an orc priest

Vault maps used:
D:1:      tarquinn_simple_flora_water_b, minivault_27
D:2:      chequers_temple_overflow_statue_of_worship
D:4:      cheibrodos_greedy_goblins, bloody_trog, minmay_close_crescents,
          uniq_pikel, uniq_grinder

Skill      XL: |  1  2  3  4 |
---------------+-------------+-----
Maces & Flails | 1 2 |  2.2
Crossbows      | 5 |  5.2
Dodging        | 2 |  2.2
Fighting       | |  2.6
Armour         | |  0.9
Stealth        | |  0.7

Action                   |  1- 3 |  4- 6 || total
-------------------------+-------+-------++-------
Melee: Mace              |    84 |   122 ||   206
       Kick              |    10 |    26 ||    36
 Fire: Hand crossbow     |    16 |    17 ||    33
  Eat: Chunk             |       |     6 ||     6
Armor: Leather armour    |    48 |    50 ||    98
       Skin              |       |     1 ||     1
Dodge: Dodged            |    59 |    82 ||   141
